Map: Flashback EE

Players

Volguus

  • Race: Protoss Protoss
  • Spawn Location: 9:00

Baker

  • Race: Protoss Protoss
  • Spawn Location: 11:00

Jaxaire

  • Race: Zerg Zerg
  • Spawn Location: 11:00

MrFercho

  • Race: Zerg Zerg
  • League: Silver
  • Spawn Location: 7:00

TATORREA

  • Race: Protoss Protoss
  • League: Silver
  • Spawn Location: 7:00

tigro

  • Race: Terran Terran
  • League: Bronze
  • Spawn Location: 7:00

VOD

Have the link to the VOD?

Description

Time

  • Played on: June 16, 2020, 8:43 p.m.
  • Length: 20:01
Show
View Real Time Build Order
Export as new Build Order

Volguus Protoss 

Build Orders: Chargelot Immortal 

Get SALT Encoding   

  12  0:01  Probe  
  13  0:13  Probe  
  14  0:22  Pylon  
  14  0:25  Probe  
  15  0:45  Gateway  
  15  0:48  Probe  
  15  0:50  Pylon  
  15  0:56  Probe  
  16  1:04  Probe  
  18  1:12  Probe  
  19  1:25  Assimilator  
  19  1:27  Assimilator  
  19  1:30  Forge  
  19  1:34  Cybernetics Core  
  19  1:56  Nexus  
  19  2:02  Pylon  
  19  2:04  Probe  
  20  2:12  Probe  
  20  2:21  Probe  
  21  2:28  Stalker  
  24  2:33  Probe  
  25  2:43  Pylon  
  25  2:47  Probe  
  26  2:58  Stalker  
  28  2:59  Probe  
  29  3:05  Probe  
  29  3:11  Probe  
  31  3:13  Probe  
  32  3:23  Assimilator, Probe  
  32  3:24  Probe  
  34  3:29  Assimilator, Pylon  
  34  3:34  Pylon  
  34  3:35  Probe  
  34  3:36  Probe  
  34  3:38  Stalker  
  38  3:50  Twilight Council  
  38  3:52  Pylon  
  38  3:59  Probe  
  39  4:04  Probe  
  39  4:08  Probe  
  40  4:12  Probe  
  40  4:16  Probe  
  43  4:24  Probe  
  43  4:26  Probe  
  43  4:29  Photon Cannon  
  43  4:31  Photon Cannon  
  45  4:34  Photon Cannon  
  45  4:35  Photon Cannon  
  45  4:36  Probe  
  46  4:38  Photon Cannon  
  46  4:39  Stalker  
  46  4:44  Blink  
  48  4:47  Protoss Ground Weapons Level 1  
  48  5:09  Stalker  
  48  5:10  Robotics Facility  
  48  5:12  Robotics Facility, Pylon  
  50  5:19  Gateway  
  50  5:20  Pylon  
  50  5:39  Zealot  
  52  5:47  Pylon  
  52  5:49  Pylon  
  52  5:52  Pylon  
  52  6:00  Immortal x2  
  60  6:06  Robotics Bay, Zealot  
  60  6:09  Dark Shrine  
  62  6:18  Zealot  
  64  6:33  Zealot  
  64  6:39  Immortal x2  
  74  6:45  Charge, Zealot  
  76  6:56  Protoss Shields Level 1  
  76  6:58  Gateway  
  76  7:23  Nexus  
  76  7:26  Assimilator x2  
  76  7:28  Pylon  
  76  7:31  Pylon  
  76  7:44  Gateway  
  76  7:47  Pylon  
  76  7:53  Zealot x3  
  76  7:56  Pylon  
  82  8:01  Immortal x2  
  82  8:04  Shadow Stride  
  90  8:06  Extended Thermal Lance  
  90  8:20  Stalker x3  
  90  8:21  Photon Cannon  
  90  8:23  Photon Cannon  
  90  8:26  Photon Cannon  
  96  8:28  Photon Cannon, Probe x2  
  98  8:34  Probe  
  98  8:40  Probe x2  
  98  8:41  Observer x2  
  103  8:52  Probe x2  
  103  8:53  Stalker x4  
  113  9:28  Dark Templar  
  113  9:29  Dark Templar x3  
  121  9:34  Protoss Ground Weapons Level 2  
  121  9:46  Gravitic Drive  
  121  10:08  Dark Templar x4  
  97  10:43  Gravitic Boosters  
  87  10:50  Stalker x3  
  87  10:51  Stalker  
  87  10:55  Immortal x2  
  85  11:20  Stalker x4  
  89  11:33  Colossus x2  
  101  11:50  Stalker x4  
  109  11:57  Protoss Ground Armor Level 1  
  101  12:20  Stalker x4  
  97  12:33  Immortal x2  
  105  12:50  Dark Templar x2  
  105  12:51  Dark Templar x2  
  113  13:12  Observer x2  
  115  13:29  Stalker x3  
  115  13:30  Stalker  
  115  13:33  Colossus x2  
  135  13:56  Protoss Shields Level 2  
  135  13:59  Dark Templar x2  
  135  14:00  Dark Templar x2  
  143  14:27  Immortal x2  
  151  14:39  Dark Templar x4  
  151  15:10  Colossus  
  151  15:11  Colossus  
  159  15:18  Dark Templar x4  
  108  15:57  Stalker x4  
  116  16:20  Immortal x2  
  124  16:27  Stalker x4  
  124  16:29  Protoss Ground Weapons Level 3  
  132  16:57  Dark Templar x4  
  140  17:36  Stalker x4  
  148  17:52  Colossus x2  
  160  18:06  Stalker x4  
  128  18:46  Stalker x4  
  98  19:16  Dark Templar x3  
Show
View Real Time Build Order
Export as new Build Order

Baker Protoss 

Build Orders:  

Get SALT Encoding   

  12  0:08  Probe  
  13  0:20  Probe  
  14  0:22  Pylon  
  14  0:35  Probe  
  15  0:40  Forge  
  15  0:44  Probe  
  16  0:52  Probe  
  17  0:58  Pylon  
  17  1:01  Probe  
  18  1:12  Probe  
  19  1:20  Probe  
  20  1:28  Probe  
  20  1:29  Assimilator  
  21  1:40  Probe  
  22  1:52  Probe  
  23  1:59  Nexus  
  23  2:04  Probe  
  24  2:16  Probe  
  24  2:18  Nexus  
  25  2:29  Probe  
  26  2:40  Assimilator  
  26  2:41  Probe  
  27  2:53  Probe  
  27  2:58  Pylon  
  28  3:00  Pylon  
  28  3:05  Probe  
  29  3:14  Nexus  
  29  3:17  Probe  
  29  3:19  Probe  
  31  3:29  Probe  
  32  3:41  Nexus  
  32  3:45  Probe x2  
  32  3:47  Probe  
  35  3:58  Probe x2  
  35  3:59  Probe  
  38  4:11  Probe x2  
  38  4:12  Probe  
  41  4:26  Nexus  
  41  4:28  Probe  
  41  4:29  Probe x3  
  45  4:41  Probe x4  
  49  4:47  Nexus  
  49  4:56  Probe x2  
  49  4:57  Probe x3  
  54  5:07  Nexus  
  54  5:09  Probe x3  
  54  5:10  Probe  
  54  5:12  Probe  
  59  5:15  Assimilator  
  59  5:18  Assimilator  
  59  5:25  Assimilator  
  59  5:29  Assimilator  
  59  5:30  Assimilator x2  
  59  5:34  Assimilator x2  
  59  5:37  Probe x4  
  59  5:38  Probe x2  
  65  5:52  Probe x3  
  65  5:53  Probe x3  
  71  6:03  Nexus  
  71  6:04  Probe  
  71  6:06  Probe x3  
  71  6:07  Probe x3  
  78  6:19  Probe x2  
  78  6:20  Probe x6  
  86  6:31  Probe  
  86  6:32  Probe x5  
  92  6:47  Nexus  
  92  6:53  Nexus  
  92  6:57  Probe  
  92  6:58  Probe x6  
  92  6:59  Probe  
  100  7:02  Nexus  
  100  7:13  Probe x5  
  100  7:14  Probe x3  
  108  7:21  Assimilator  
  108  7:25  Assimilator, Probe  
  109  7:30  Probe x5  
  109  7:31  Probe x2  
  109  7:35  Assimilator  
  109  7:36  Assimilator  
  116  7:40  Probe  
  116  7:41  Probe  
  116  7:42  Probe x4  
  116  7:43  Probe x3  
  125  7:52  Probe  
  125  7:53  Probe  
  125  7:54  Probe x4  
  125  7:55  Probe x3  
  134  8:05  Probe x2  
  136  8:06  Probe x3  
  136  8:07  Probe x4  
  136  8:09  Probe  
  136  8:10  Probe  
  145  8:17  Probe x3  
  145  8:18  Probe x3  
  145  8:19  Probe x4  
  155  8:21  Probe  
  155  8:22  Probe  
  157  8:29  Probe x3  
  157  8:30  Probe x2  
  157  8:31  Probe x5  
  157  8:33  Probe  
  169  8:34  Probe  
  169  8:41  Probe x3  
  171  8:42  Probe  
  171  8:43  Probe x5  
  171  8:44  Probe  
  171  8:45  Probe  
  171  8:46  Probe  
  181  8:52  Assimilator  
  181  8:53  Probe x3  
  181  8:54  Probe  
  181  8:55  Probe x4  
  189  8:56  Assimilator, Probe x2  
  189  8:58  Probe x2  
  192  9:05  Probe x3  
  192  9:06  Probe  
  192  9:07  Probe x4  
  192  9:08  Probe x2  
  192  9:09  Assimilator  
  199  9:13  Assimilator  
  198  9:22  Pylon  
  197  9:24  Pylon  
  197  9:25  Pylon  
  197  9:27  Pylon  
  197  9:29  Pylon  
  191  9:41  Probe  
  191  9:42  Probe x8  
  191  9:43  Gateway, Probe  
  199  9:54  Probe  
  200  10:06  Probe  
  198  10:18  Probe  
  199  10:30  Probe  
  199  10:35  Probe x8  
  194  10:42  Probe  
  184  10:47  Probe x8  
  179  10:54  Probe  
  160  10:59  Probe x4  
  160  11:00  Probe x4  
  161  11:06  Probe  
  161  11:11  Probe x2  
  138  11:12  Probe x6  
  139  11:18  Probe  
  139  11:23  Probe  
  139  11:24  Probe x7  
  148  11:30  Probe  
  148  11:35  Probe  
  148  11:36  Probe x7  
  152  11:40  Cybernetics Core  
  152  11:42  Probe  
  150  11:47  Probe  
  150  11:48  Probe x7  
  155  11:55  Probe  
  155  11:59  Probe  
  155  12:00  Probe x7  
  164  12:07  Probe  
  165  12:11  Probe  
  165  12:12  Probe x7  
  173  12:19  Probe  
  174  12:23  Probe  
  174  12:24  Probe x7  
  182  12:32  Stargate  
  182  12:33  Stargate  
  182  12:36  Stargate  
  182  12:43  Stargate  
  182  12:44  Stargate  
  182  12:46  Stargate  
  182  12:47  Stargate  
  182  13:03  Assimilator  
  182  13:21  Void Ray x3  
  194  13:28  Void Ray  
  198  13:42  Assimilator  
  195  13:53  Void Ray  
  198  14:08  Fleet Beacon  
  192  14:35  Void Ray x2  
  191  14:44  Pylon  
  190  14:46  Pylon  
  190  14:48  Pylon  
  190  14:50  Pylon  
  190  14:52  Pylon  
  180  15:02  Void Ray x2  
  180  15:03  Void Ray x2  
  180  15:04  Void Ray  
  184  15:18  Void Ray x2  
  167  15:45  Void Ray x2  
  167  15:46  Void Ray x2  
  167  15:47  Void Ray  
  183  15:57  Void Ray  
  183  15:58  Void Ray  
  183  16:17  Void Ray x2  
  179  16:19  Void Ray x2  
  179  16:21  Unknown  
  179  16:30  Void Ray  
  191  16:33  Void Ray x2  
  191  16:34  Protoss Air Weapons Level 1  
  179  18:16  Void Ray x5  
  187  19:00  Void Ray x2  
  187  19:01  Void Ray x4  
  199  19:14  Void Ray  
Show
View Real Time Build Order
Export as new Build Order

Jaxaire Zerg 

Build Orders: Hatch First 

Get SALT Encoding   

  12  0:08  Drone  
  13  0:16  Overlord  
  13  0:27  Drone  
  14  0:38  Drone x2  
  16  0:43  Drone  
  17  1:05  Hatchery  
  16  1:22  Drone  
  17  1:27  Hatchery  
  18  1:32  Drone x2  
  18  1:43  Drone  
  18  1:45  Drone  
  20  2:06  Drone x2  
  22  2:17  Hatchery  
  22  2:18  Spawning Pool, Drone  
  22  2:22  Drone  
  22  2:27  Drone  
  22  2:28  Drone  
  24  2:36  Extractor  
  23  2:40  Drone  
  23  2:41  Extractor, Drone x2  
  25  3:05  Queen  
  25  3:06  Queen x2  
  31  3:15  Extractor  
  31  3:18  Extractor  
  31  3:19  Drone x4  
  33  3:25  Overlord  
  33  3:32  Overlord  
  33  3:38  Overlord  
  33  3:42  Drone  
  33  3:43  Drone  
  35  3:51  Lair  
  35  3:54  Drone  
  36  3:56  Drone  
  36  3:59  Drone  
  36  4:01  Drone  
  39  4:03  Drone  
  39  4:05  Drone  
  41  4:18  Queen  
  43  4:29  Drone x8  
  43  4:30  Drone  
  52  4:38  Evolution Chamber  
  52  4:44  Evolution Chamber  
  50  4:49  Drone x5  
  50  4:50  Drone  
  50  4:52  Drone  
  57  5:02  Spire  
  56  5:08  Spire  
  55  5:14  Infestation Pit  
  55  5:15  Zerg Ground Armor Level 1  
  55  5:17  Zerg Missile Weapons Level 1  
  54  5:35  Drone x10  
  61  5:38  Overlord x2  
  61  5:41  Overlord  
  64  5:45  Overlord  
  64  5:47  Overlord  
  64  5:56  Extractor  
  63  5:59  Extractor  
  63  6:03  Extractor  
  61  6:09  Extractor  
  60  6:26  Drone x15  
  60  6:27  Drone x11  
  86  6:56  Drone x12  
  86  6:57  Drone x6  
  86  6:59  Overlord x2  
  104  7:07  Zerg Flyer Armor Level 1  
  104  7:09  Zerg Flyer Weapons Level 1  
  104  7:11  Zerg Ground Armor Level 2  
  104  7:13  Zerg Missile Weapons Level 2  
  104  7:26  Overlord x4  
  104  7:27  Overlord x8  
  104  7:48  Mutalisk  
  104  7:49  Mutalisk x13  
  132  8:00  Mutalisk x2  
  136  8:28  Mutalisk x8  
  136  8:29  Mutalisk x7  
  166  8:36  Mutalisk  
  166  8:37  Mutalisk x7  
  182  8:49  Mutalisk  
  182  8:50  Mutalisk x7  
  128  10:16  Mutalisk x3  
  128  10:17  Mutalisk x17  
  168  10:34  Overlord, Mutalisk  
  168  10:35  Mutalisk x3  
  146  12:43  Mutalisk  
  146  12:44  Mutalisk x10  
  148  12:45  Mutalisk  
  144  14:00  Hive  
  144  14:01  Zerg Flyer Armor Level 2  
  144  14:03  Zerg Flyer Weapons Level 2  
  144  14:12  Mutalisk  
  144  14:13  Mutalisk x14  
  174  14:19  Mutalisk  
  174  14:20  Mutalisk x5  
  186  14:28  Mutalisk  
  186  14:29  Mutalisk x4  
  196  14:31  Mutalisk  
  196  14:33  Mutalisk  
  114  15:56  Mutalisk x8  
  114  15:57  Mutalisk x18  
  114  15:58  Mutalisk x13  
  114  16:01  Mutalisk x2  
  192  16:18  Mutalisk x3  
  192  16:19  Mutalisk  
  200  16:31  Zerg Ground Armor Level 3  
  182  17:00  Mutalisk x2  
  182  17:01  Mutalisk x2  
  190  17:22  Mutalisk  
  190  17:23  Mutalisk x3  
  190  17:29  Mutalisk  
  200  17:59  Hatchery  
Show
View Real Time Build Order
Export as new Build Order

MrFercho Zerg 

Build Orders: Hatch First 

Get SALT Encoding   

  12  0:01  Drone  
  13  0:15  Overlord  
  13  0:18  Drone  
  14  0:55  Drone x3  
  17  1:06  Hatchery  
  16  1:13  Spawning Pool  
  16  1:14  Drone  
  16  1:17  Drone  
  17  1:28  Drone  
  18  1:39  Extractor, Drone  
  18  1:49  Drone  
  19  2:02  Drone  
  20  2:11  Drone  
  21  2:19  Drone  
  22  2:24  Queen x2  
  22  2:26  Drone  
  27  2:38  Drone  
  27  2:40  Overlord x2  
  28  2:54  Roach Warren  
  28  2:55  Drone  
  28  3:16  Extractor  
  28  3:17  Queen  
  29  3:21  Lair  
  29  3:23  Drone x6  
  35  3:37  Extractor, Drone x2  
  36  3:57  Spine Crawler  
  36  3:59  Spine Crawler  
  34  4:12  Drone x7  
  34  4:13  Drone x2  
  43  4:33  Drone, Evolution Chamber  
  43  4:34  Evolution Chamber, Drone x2  
  43  4:37  Overlord x2  
  44  5:01  Roach  
  44  5:02  Roach x7  
  44  5:03  Hatchery  
  44  5:04  Overlord x2  
  59  5:33  Drone x9  
  68  5:45  Zerg Ground Armor Level 1, Zerg Missile Weapons Level 1  
  68  5:52  Extractor  
  68  5:55  Hydralisk Den  
  66  6:00  Drone x4  
  70  6:04  Overseer  
  70  6:16  Overseer  
  70  6:35  Extractor  
  70  6:39  Extractor, Drone x12  
  80  7:02  Drone x2  
  80  7:03  Overlord  
  80  7:04  Overlord x3  
  82  7:21  Queen  
  84  7:29  Drone x2  
  86  7:31  Grooved Spines  
  86  7:38  Infestation Pit  
  86  7:41  Drone x9  
  94  8:00  Drone x6  
  94  8:01  Drone x3  
  103  8:10  Overseer  
  103  8:11  Hatchery  
  102  8:15  Spine Crawler  
  102  8:19  Spine Crawler, Spore Crawler  
  99  8:20  Hydralisk x7  
  113  8:39  Overlord x4  
  113  8:40  Overlord x2  
  113  8:43  Muscular Augments  
  113  8:46  Zerg Missile Weapons Level 2, Zerg Ground Armor Level 2  
  113  8:48  Hive  
  113  8:57  Hatchery  
  113  8:58  Hatchery  
  113  9:02  Hatchery, Hydralisk  
  110  9:03  Hydralisk x6  
  120  9:21  Hydralisk  
  120  9:22  Hydralisk x5  
  132  9:30  Spore Crawler  
  131  9:31  Spore Crawler  
  131  9:34  Spore Crawler  
  129  9:40  Hydralisk x4, Spore Crawler x2  
  135  10:09  Hydralisk  
  135  10:10  Hydralisk x7  
  151  10:15  Hydralisk x7  
  163  10:32  Hydralisk  
  163  10:33  Hydralisk x11  
  169  10:41  Hydralisk x3  
  135  11:01  Queen  
  135  11:02  Hydralisk x14  
  165  11:23  Hydralisk x6  
  177  11:27  Overlord  
  177  11:28  Overlord x6  
  169  12:15  Hydralisk  
  169  12:16  Drone  
  169  12:17  Drone x15  
  186  12:26  Overlord x3  
  186  12:27  Overlord x2  
  186  12:35  Zerg Missile Weapons Level 3  
  186  12:38  Hydralisk  
  174  12:59  Spore Crawler  
  174  13:00  Spore Crawler  
  171  13:39  Overlord x5  
  171  13:40  Overlord x2  
  171  13:55  Extractor  
  170  13:57  Extractor, Hydralisk x2  
  170  13:58  Hydralisk x13  
  199  14:58  Pneumatized Carapace  
  199  14:59  Burrow  
  199  15:12  Zerg Ground Armor Level 3  
  133  15:30  Spore Crawler  
  133  15:32  Spore Crawler  
  133  15:34  Spore Crawler  
  104  15:35  Spore Crawler  
  104  15:40  Spore Crawler  
  104  15:41  Spore Crawler  
  63  15:51  Hydralisk  
  63  15:52  Hydralisk x24  
  113  16:07  Drone x2  
  113  16:08  Drone x4  
  119  16:17  Hydralisk x8  
  127  16:54  Hydralisk  
  127  16:55  Hydralisk x19  
  167  17:24  Spore Crawler  
  167  17:26  Spore Crawler  
  167  17:28  Spine Crawler  
  164  17:31  Spine Crawler  
  164  17:33  Spine Crawler  
  164  17:34  Spine Crawler x3  
  159  17:37  Spine Crawler  
  159  17:38  Hydralisk x15  
  159  17:39  Hydralisk x5  
  198  17:49  Hydralisk  
  180  18:16  Hydralisk  
  180  18:17  Hydralisk x13  
  180  18:18  Hydralisk  
  194  18:21  Hydralisk  
  142  18:30  Hydralisk x2  
  142  18:31  Hydralisk  
  140  18:40  Overseer  
  122  19:05  Hydralisk x7  
  122  19:06  Hydralisk x3  
  124  19:14  Hydralisk x2  
  112  19:17  Hydralisk  
Show
View Real Time Build Order
Export as new Build Order

TATORREA Protoss 

Build Orders:  

Get SALT Encoding   

  12  0:02  Probe  
  13  0:14  Probe  
  13  0:18  Pylon  
  14  0:26  Probe  
  15  0:38  Probe  
  15  0:42  Gateway  
  16  0:49  Probe  
  17  0:58  Probe  
  17  0:59  Assimilator  
  18  1:06  Pylon, Probe  
  19  1:16  Probe  
  20  1:24  Probe  
  20  1:26  Assimilator  
  21  1:32  Probe  
  21  1:35  Cybernetics Core  
  22  1:43  Probe  
  23  1:55  Probe  
  24  2:07  Probe  
  25  2:20  Probe  
  25  2:21  Nexus  
  26  2:23  Pylon  
  26  2:32  Probe  
  27  2:44  Probe  
  28  2:50  Gateway  
  28  2:51  Robotics Facility  
  28  2:56  Probe  
  29  3:02  Stalker  
  31  3:08  Probe  
  32  3:19  Probe  
  32  3:22  Pylon  
  32  3:25  Warp Gate  
  33  3:27  Pylon, Probe  
  34  3:34  Probe  
  34  3:35  Pylon, Probe  
  36  3:46  Probe  
  36  3:48  Probe  
  37  3:59  Probe  
  37  4:00  Assimilator, Probe  
  39  4:03  Assimilator  
  39  4:08  Stalker  
  39  4:09  Stalker  
  43  4:11  Probe  
  43  4:12  Probe  
  45  4:20  Immortal  
  45  4:23  Probe  
  50  4:25  Probe  
  51  4:35  Probe  
  52  4:49  Probe  
  52  4:50  Probe, Nexus  
  52  4:52  Pylon  
  54  5:01  Probe  
  54  5:02  Probe  
  56  5:07  Immortal  
  56  5:13  Probe  
  56  5:14  Probe  
  62  5:25  Probe  
  62  5:26  Probe  
  62  5:28  Gateway  
  64  5:29  Gateway  
  64  5:31  Gateway  
  64  5:37  Probe  
  64  5:38  Probe  
  66  5:48  Assimilator  
  66  5:49  Probe  
  67  5:50  Probe  
  67  5:53  Assimilator  
  68  6:02  Stalker x2, Probe x2  
  74  6:06  Immortal  
  78  6:14  Probe x2  
  80  6:26  Probe x2  
  80  6:30  Gateway  
  80  6:32  Gateway  
  82  6:34  Gateway  
  82  6:35  Stalker x2  
  82  6:36  Gateway  
  82  6:38  Probe x2  
  82  6:39  Stalker, Gateway  
  90  6:40  Gateway  
  90  6:50  Probe x2  
  92  6:56  Nexus  
  92  7:00  Pylon  
  92  7:02  Probe  
  92  7:03  Probe  
  94  7:14  Probe  
  94  7:15  Stalker, Probe  
  96  7:16  Stalker  
  100  7:28  Pylon  
  100  7:31  Pylon  
  100  7:33  Probe x2  
  100  7:35  Pylon  
  102  7:38  Pylon  
  102  7:41  Pylon  
  102  7:43  Pylon  
  102  7:45  Probe x2  
  104  7:53  Pylon  
  104  7:54  Forge  
  104  7:55  Forge  
  104  7:59  Forge  
  104  8:03  Twilight Council  
  104  8:07  Probe x2  
  106  8:19  Probe x2  
  108  8:25  Gateway  
  108  8:26  Gateway  
  108  8:27  Gateway  
  108  8:30  Gateway  
  108  8:31  Probe x2  
  108  8:33  Gateway  
  110  8:34  Gateway  
  110  8:36  Stalker x3  
  110  8:37  Stalker x4  
  110  8:38  Stalker x3  
  130  8:42  Stalker  
  130  8:43  Probe x2  
  134  8:49  Pylon  
  134  8:52  Pylon  
  134  8:55  Probe x2  
  136  8:56  Pylon  
  136  9:02  Pylon  
  125  9:17  Assimilator  
  125  9:21  Assimilator  
  111  9:24  Stalker x2  
  111  9:25  Stalker x5, Gateway  
  111  9:26  Stalker x2  
  111  9:27  Stalker x2, Gateway  
  111  9:30  Gateway  
  111  9:31  Stalker x2  
  121  9:33  Gateway  
  113  9:38  Protoss Shields Level 1  
  71  10:13  Stalker x2  
  71  10:14  Stalker x3  
  71  10:15  Stalker x3  
  71  10:16  Stalker x2  
  71  10:20  Stalker  
  83  10:26  Immortal  
  83  10:30  Stalker x2  
  83  10:34  Stalker  
  89  10:37  Stalker  
  91  10:46  Pylon  
  91  10:55  Stalker x3  
  91  10:56  Stalker x3  
  103  11:03  Nexus  
  93  11:09  Pylon  
  67  11:14  Pylon  
  67  11:15  Pylon  
  60  11:23  Probe x2  
  55  11:26  Stalker x3  
  55  11:27  Stalker  
  59  11:35  Probe  
  60  11:42  Cybernetics Core  
  60  11:46  Probe  
  59  11:48  Stalker  
  62  11:55  Probe  
  63  12:03  Probe  
  63  12:07  Stalker x3  
  63  12:08  Stalker  
  72  12:12  Probe  
  72  12:13  Probe  
  73  12:20  Probe  
  73  12:21  Probe  
  74  12:24  Stalker  
  74  12:28  Probe  
  76  12:30  Probe  
  78  12:37  Robotics Facility  
  78  12:38  Probe  
  78  12:39  Probe  
  78  12:46  Probe, Nexus  
  78  12:47  Probe  
  78  12:48  Pylon  
  79  12:54  Assimilator, Probe  
  80  12:58  Assimilator  
  80  12:59  Probe  
  80  13:02  Probe  
  82  13:10  Probe  
  82  13:11  Probe  
  84  13:19  Probe  
  85  13:22  Probe  
  85  13:26  Stalker x3  
  93  13:27  Stalker x2  
  93  13:29  Probe  
  93  13:32  Immortal  
  102  13:34  Probe  
  103  13:41  Probe  
  103  13:46  Probe  
  105  14:05  Probe x2  
  105  14:06  Probe  
  108  14:17  Probe  
  108  14:18  Probe x2  
  108  14:22  Assimilator  
  111  14:24  Assimilator  
  111  14:29  Stalker  
  111  14:30  Stalker x4  
  121  14:33  Immortal, Probe  
  121  14:34  Probe x2  
  128  14:46  Probe x3  
  128  14:49  Nexus  
  131  14:56  Pylon  
  122  15:02  Stalker  
  122  15:03  Stalker  
  122  15:04  Stalker x3  
  123  15:22  Probe x2  
  125  15:34  Pylon  
  119  15:37  Probe x2  
  119  15:38  Probe  
  119  15:41  Pylon  
  114  15:44  Pylon  
  114  15:45  Pylon  
  114  15:48  Nexus  
  114  15:49  Probe x2  
  108  15:50  Probe  
  108  15:51  Pylon  
  97  16:01  Probe x2  
  97  16:02  Probe  
  100  16:05  Stalker x3  
  100  16:06  Stalker x5  
  100  16:07  Stalker  
  100  16:11  Immortal  
  122  16:13  Probe x2  
  124  16:25  Gateway  
  124  16:29  Gateway  
  124  16:32  Gateway, Probe x3  
  127  16:34  Gateway  
  127  16:37  Gateway  
  127  16:39  Gateway  
  127  16:41  Gateway  
  127  16:43  Gateway  
  127  16:44  Probe x3  
  127  16:45  Gateway, Stalker x2  
  127  16:46  Stalker x3  
  127  16:47  Stalker x4, Gateway  
  148  16:56  Probe x3  
  89  17:21  Stalker x3  
  89  17:22  Stalker x4  
  91  17:23  Stalker x2  
  47  18:04  Pylon  
  35  18:05  Nexus  
  10  18:33  Probe  
Show
View Real Time Build Order
Export as new Build Order

tigro Terran 

Build Orders:  

Get SALT Encoding   

  12  0:02  SCV  
  13  0:14  SCV  
  14  0:26  SCV  
  15  0:28  Supply Depot  
  15  0:37  Refinery  
  15  0:50  SCV  
  15  0:53  Barracks  
  16  1:02  SCV  
  17  1:12  Refinery  
  17  1:14  SCV  
  18  1:24  Supply Depot  
  18  1:26  SCV  
  19  1:38  SCV  
  20  1:42  Marine  
  21  1:50  SCV  
  22  2:00  Barracks, Marine  
  23  2:18  Marine  
  23  2:19  SCV  
  25  2:27  Engineering Bay  
  25  2:31  SCV  
  25  2:35  Marine  
  27  2:44  SCV  
  28  2:53  Marine  
  28  2:57  Barracks Tech Lab, Orbital Command  
  29  3:14  Factory  
  29  3:15  Terran Infantry Weapons Level 1  
  29  3:28  Barracks Tech Lab  
  29  3:47  Command Center  
  29  3:58  Combat Shield  
  29  4:01  Stimpack  
  29  4:10  Factory Tech Lab  
  29  4:37  Refinery  
  29  5:01  Refinery  
  29  5:06  Starport  
  29  5:10  Terran Infantry Armor Level 1  
  29  5:17  Concussive Shells  
  29  5:22  SCV  
  30  5:34  SCV  
  31  5:42  Marine x2  
  33  5:46  Starport  
  33  5:47  SCV  
  33  5:48  Medivac  
  36  5:59  SCV  
  36  6:00  Marine x2  
  36  6:02  Siege Tank  
  42  6:11  SCV  
  43  6:17  Marine  
  43  6:18  Marine  
  45  6:23  SCV  
  45  6:24  Supply Depot  
  46  6:35  Marine x2, SCV  
  49  6:47  Supply Depot, SCV  
  49  6:53  Marine x2  
  52  6:57  Starport Tech Lab x2  
  52  6:59  SCV  
  53  7:04  Neosteel Armor  
  53  7:11  SCV  
  53  7:12  Fusion Core  
  54  7:29  SCV  
  55  7:41  SCV  
  56  7:53  SCV  
  57  8:02  Armory  
  57  8:04  Weapon Refit  
  57  8:05  SCV  
  58  8:17  SCV  
  59  8:38  Battlecruiser  
  65  8:44  Hi-Sec Auto Tracking  
  65  8:49  Battlecruiser  
  67  9:36  Marine x2  
  67  9:40  Terran Infantry Weapons Level 2  
  67  9:43  Battlecruiser  
  67  9:44  Rapid Reignition System  
  59  9:53  Marine  
  59  9:54  Marine  
  55  10:11  Marine  
  55  10:12  Marine  
  57  10:15  Medivac  
  59  10:29  Marine x2  
  61  10:40  Advanced Ballistics  
  61  10:46  Battlecruiser  
  61  10:47  Marine x2, Battlecruiser  
  67  10:58  Thor  
  73  11:05  Marine x2  
  65  11:23  Marine x2  
  67  11:40  Marine  
  67  11:41  Thor, Marine  
  73  11:50  Battlecruiser  
  79  11:56  Terran Infantry Armor Level 2  
  79  11:58  Marine x2  
  64  12:23  Thor  
  70  13:09  Marine x2  
  72  13:26  Marine  
  72  13:27  Marine  
  73  13:30  Command Center  
  74  13:44  Marine x2  
  76  14:02  Marine x2  
  77  14:04  Thor  
  77  14:09  Battlecruiser  
  90  14:20  Marine x2  
  92  14:38  Marine x2  
  94  14:40  Battlecruiser  
  75  14:47  Thor  
  67  14:55  Marine  
  67  14:56  Marine  
  69  15:01  Terran Infantry Weapons Level 3  
  69  15:09  Refinery  
  69  15:10  SCV  
  69  15:13  Marine x2, Battlecruiser  
  78  15:22  SCV  
  79  15:29  Thor  
  79  15:34  SCV  
  76  15:44  Medivac  
  76  15:47  SCV  
  79  15:59  SCV  
  79  16:01  Refinery  
  74  17:08  Missile Turret  
  74  17:29  Missile Turret  
  68  17:45  Marine  
  68  17:46  Marine  
  68  17:50  Missile Turret  
  68  18:03  Marine  
  68  18:04  Marine  
  58  18:17  Missile Turret  
  58  18:21  Marine x2  
  48  18:39  Marine x2  
  56  18:44  Battlecruiser  
  49  18:57  Marine  
  33  19:23  Missile Turret  
  24  19:43  Missile Turret  
Tags
 
Add a new tag
Caveats
  • Supply blocks, unpowered buildings, or Contaminate may cause inaccurate times.
  • Supply counts are checked every 10 seconds.